 Dungeon Crawl Stone Soup version 0.30-a0-1123-gabc949cf19 (webtiles) character file.

Game seed: 15308904441299397637

268 olmar the Covered (level 6, -5/58 HPs)
             Began as a Gargoyle Fighter on Apr 22, 2023.
             Was an Initiate of Gozag.
             Slain by an orc warrior
             ... wielding a +0 war axe
              (7 damage)
             ... on level 4 of the Dungeon.
             The game lasted 00:04:04 (2587 turns).

olmar the Covered (Gargoyle Fighter)                Turns: 2587, Time: 00:04:05

Health: -5/58      AC: 17    Str: 22    XL:     6   Next: 21%
Magic:  6/6        EV:  6    Int:  8    God:    Gozag
Gold:   101        SH:  4    Dex:  9    Spells: 5/5 levels left

rFire   . . .        a - +0 flail
rCold   . . .        c - +0 buckler
rNeg    + . .        i - +0 plate armour
rPois   ∞            w - +0 helmet
rElec   +            (no cloak)
rCorr   .            (no gloves)
SInv    .            (no boots)
Will    .....        x - amulet of the acrobat Stlth
                     (no ring)
HPRegen 0.29/turn    (no ring)
MPRegen 0.10/turn

%: acrobat
@: berserking (expiring), very quick
A: sickness immunity, AC +4, negative energy resistance 1, electricity
resistance, torment resistance 1, petrification resistance
a: Renounce Religion, Potion Petition, Call Merchant, Bribe Branch


You were on level 4 of the Dungeon.
You worshipped Gozag.
Gozag was aware of your devotion.
You visited 1 branch of the dungeon, and saw 4 of its levels.

You collected 235 gold pieces.
You spent 91 gold pieces at shops.
You paid 43 gold pieces to Gozag.

Inventory:

Hand Weapons
 a - a +0 flail (weapon)
Armour
 c - a +0 buckler (worn)
 i - a +0 plate armour (worn)
 w - a +0 helmet (worn)
Jewellery
 n - a ring of flight
 x - an amulet of the acrobat (around neck)
Scrolls
 e - 5 scrolls of identify {unknown}
 f - 2 scrolls of brand weapon {unknown}
 g - a scroll of immolation {unknown}
 h - 3 scrolls of enchant armour {unknown}
 l - a scroll of teleportation {unknown}
 m - 2 scrolls of fog {unknown}
 r - a scroll of vulnerability {unknown}
 s - a scroll of enchant weapon {unknown}
 t - a scroll of acquirement {unknown}
 v - a scroll of amnesia {unknown}
Potions
 b - a potion of flight {unknown}
 d - a potion of might
 j - a potion of heal wounds {unknown}
 o - a potion of degeneration
 p - 2 potions of curing
 q - a potion of attraction
 u - a potion of berserk rage


   Skills:
 + Level 4.3 Fighting
 + Level 4.2 Maces & Flails
 + Level 4.6 Armour
 + Level 0.4 Dodging
 + Level 4.0 Shields


You had 5 spell levels left.
You didn't know any spells.
Your spell library contained the following spells:

 Spells                   Type           Power      Damage    Failure   Level
 Beastly Appendage        Tmut           0%         N/A       100%        1
 Ensorcelled Hibernation  Hex/Ice        0%         N/A       100%        2
 Passwall                 Tmut/Erth      0%         N/A       100%        2
 Static Discharge         Conj/Air       0%         2-2/arc   100%        2
 Wereblood                Tmut           0%         N/A       100%        2
 Ozocubu's Armour         Ice            0%         N/A       100%        3
 Spider Form              Tmut/Pois      0%         N/A       100%        3
 Swiftness                Air            0%         N/A       100%        3
 Airstrike                Air            0%         2d(0-16)  100%        4
 Summon Lightning Spire   Summ/Air       0%         N/A       100%        4
 Ozocubu's Refrigeration  Ice            0%         4d7       100%        7


Dungeon Overview and Level Annotations

Branches:
Dungeon (4/15)
 Temple: D:4-7

Altars:
Cheibriados
Gozag
Hepliaklqana
Okawaru
Qazlal
Yredelemnul

Shops:
D:2 [*!


Innate Abilities, Weirdness & Mutations

You are immune to sickness and miasma.
Your stone body is resilient. (AC +4)
You are immune to poison.
You resist negative energy. (rN+)
You are resistant to electric shocks. (rElec)
You are resistant to unholy torment.
You are immune to petrification.


Message History

The orc warrior hits you with a +0 war axe. x2
* * * LOW HITPOINT WARNING * * *
It was a potion of berserk rage.
A red film seems to cover your vision as you go berserk!
You feel yourself moving faster!
You feel mighty!
The orc warrior hits you with a +0 war axe.
* * * LOW HITPOINT WARNING * * *
You hit the orc warrior but do no damage.
The orc warrior is lightly wounded.
You barely miss the orc warrior.
The orc warrior is lightly wounded.
The orc warrior hits you with a +0 war axe!
* * * LOW HITPOINT WARNING * * *
You closely miss the orc warrior.
The orc warrior is lightly wounded.
The orc warrior hits you with a +0 war axe.
* * * LOW HITPOINT WARNING * * *
You bludgeon the orc warrior!!
The orc warrior is severely wounded.
The orc warrior completely misses you.
You barely miss the orc warrior.
The orc warrior is severely wounded.
The orc warrior hits you but does no damage.
You barely miss the orc warrior.
The orc warrior is severely wounded.
You closely miss the orc warrior.
The orc warrior is severely wounded.
The orc warrior hits you but does no damage.
You barely miss the orc warrior.
The orc warrior is severely wounded.
The orc warrior hits you but does no damage.
You closely miss the orc warrior.
The orc warrior is severely wounded.
The orc warrior hits you with a +0 war axe.
* * * LOW HITPOINT WARNING * * *
You closely miss the orc warrior.
The orc warrior is severely wounded.
The orc warrior hits you with a +0 war axe!
You die...
Your body crumbles into a pile of gold.

#...##.†...#
#...######o#
#...##.#...#
#......#..#.#
#......#..#.#
#......#.##.#
#......>.$#.#
#......##o#.#
#......##@#.#
#.#######.#.#
#. #.# # #.#
#.# #.# ..#
### $


You could see an orc warrior.

Vanquished Creatures
  Sigmund (D:3)
  4 adders
  A worm (D:2)
  4 orcs
  4 ball pythons
  4 bats
  4 endoplasms
  3 giant cockroaches
  8 goblins
  10 hobgoblins
  5 quokkas
  8 frilled lizards
  5 kobolds
  3 rats
  A spectral goblin (D:3)
65 creatures vanquished.

Notes
Turn   | Place    | Note
-------+----------+-------------------------------------------
     0 | D:1      | olmar the Gargoyle Fighter began the quest for the Orb.
     0 | D:1      | Reached XP level 1. HP: 14/14 MP: 1/1
    70 | D:1      | Reached XP level 2. HP: 18/19 MP: 2/2
   679 | D:2      | Found Bilee's Armour Emporium.
   719 | D:2      | Found Jiheak's General Store.
   735 | D:2      | Reached XP level 3. HP: 11/24 MP: 3/3
   826 | D:2      | Found Giyc's Distillery.
   830 | D:2      | Bought a potion of degeneration for 13 gold pieces
   830 | D:2      | Bought a potion of curing for 39 gold pieces
   830 | D:2      | Bought a potion of attraction for 39 gold pieces
  1036 | D:2      | Found a snail-covered altar of Cheibriados.
  1504 | D:3      | Found an opulent altar of Gozag.
  1504 | D:3      | Found a basalt altar of Yredelemnul.
  1552 | D:3      | Noticed Sigmund
  1565 | D:3      | Killed Sigmund
  1566 | D:3      | Reached XP level 4. HP: 21/29 MP: 4/4
  1566 | D:3      | Reached XP level 5. HP: 24/33 MP: 5/5
  1650 | D:3      | Reached XP level 6. HP: 37/38 MP: 6/6
  1801 | D:3      | Found an iron altar of Okawaru.
  2121 | D:3      | Found a stormy altar of Qazlal.
  2216 | D:3      | Found a hazy altar of Hepliaklqana.
  2242 | D:3      | Became a worshipper of Gozag Ym Sagoz the Greedy
  2553 | D:4      | Noticed an orc warrior
  2580 | D:4      | HP: 2/58 [orc warrior/+0 war axe (6)]
  2586 | D:4      | HP: 1/58 [orc warrior/+0 war axe (2)]
  2587 | D:4      | Slain by an orc warrior

Illustrated notes

Levels and vault maps discovered:
D:1:      lemuel_arrival_behind_the_door_small, layout_rooms,
          minmay_misc_feat_enclosed
D:2:      layout_basic, serial_shops, shop, shop, nicolae_diamond_shop,
          basic_altar
D:3:      layout_basic, nicolae_hepliaklqana_monster_ancestors,
          marbit_many_paths, mainiacjoe_overflow_paths,
          gammafunk_temple_overflow_elements, grunt_ministairs_1, uniq_sigmund
D:4:      layout_basic, minitemple, nicolae_nh_ransacked_shop

Skill      XL: |  1  2  3  4  5  6 |
---------------+-------------------+-----
Fighting       | 4 |  4.3
Maces & Flails | 4 |  4.2
Armour         | 4 |  4.6
Shields        | 4 |  4.0
Dodging        | |  0.4

Action                     |  1- 3 |  4- 6 || total
---------------------------+-------+-------++-------
  Melee: Flail             |   112 |    88 ||   200
  Throw: Dart              |       |     2 ||     2
    Use: Potion            |     1 |     1 ||     2
 Armour: Scale mail        |    22 |       ||    22
         Plate armour      |    61 |    54 ||   115
  Dodge: Dodged            |    33 |    33 ||    66
  Block: Buckler           |    19 |    24 ||    43

Table legend: (Time is in decaauts)
 A = Elapsed time spent in this place.
 B = Non-inter-level travel time spent in this place.
 C = Inter-level travel time spent in this place.
 D = Time resting spent in this place.
 E = Time spent auto-exploring this place.
 F = Levels seen in this place.
 G = Mean time per level.
                   A        B        C        D        E       F      G
               +--------+--------+--------+--------+--------+-----+--------+
         Total |   2639 |   2473 |    166 |      0 |   1935 |   4 |  659.8 |
       Dungeon |   2639 |   2473 |    166 |      0 |   1935 |   4 |  659.8 |
               +--------+--------+--------+--------+--------+-----+--------+

Top non-repeatable levels by time:
     D:2: 911 daAuts
     D:3: 896 daAuts
     D:1: 561 daAuts
     D:4: 269 daAuts
